Cogmind - Beta 13 @@@ ROGUE MODE // 2024.04.08 @ 15:04:08 Player: xeen Result: Destroyed by G-34 Mercenary with Small Laser Performance ------------- Evolutions (1) 500 Regions Visited (2) 400 Robots Destroyed (18) 90 Value Destroyed (497) 497 Prototype IDs (2) 40 Alien Tech Used (0) 0 Bonus (0) 0 TOTAL SCORE: 1527 Bonus ------- None Cogmind --------- Core Integrity 0/400 Matter 270/300 Energy 100/100 System Corruption 13% Temperature Cool (12) Movement Walking (680) Ox8 Location -9/Materials Parts ------- > --- POWER (1) -------- (None) > --- PROPULSION (4) --- Aluminum Leg > --- UTILITY (2) ------ Huge Storage Unit Structural Scanner > --- WEAPON (2) ------- (None) > --- INVENTORY (25) --- Ion Engine Heavy Ion Engine Light Armor Plating Medium Armor Plating Small Laser Advanced Beam Cannon Light Assault Rifle Grenade Launcher Hammer Peak State ------------ > --- POWER ------------ Light Nuclear Core > --- PROPULSION ------- Aluminum Leg Aluminum Leg > --- UTILITY ---------- Large Storage Unit Medium Armor Plating > --- WEAPON ----------- Advanced Beam Cannon Advanced Beam Cannon > --- INVENTORY -------- Medium Armor Plating Small Laser Light Assault Rifle Light Assault Rifle Grenade Launcher [Rating: 14] Favorites ----------- Power Ion Engine Engine Ion Engine Power Core Light Nuclear Core Propulsion Aluminum Leg Treads Light Treads Leg Aluminum Leg Utility Large Storage Unit Device Structural Scanner Storage Large Storage Unit Protection Medium Armor Plating Weapon Light Assault Rifle Energy Gun Small Laser Energy Cannon Advanced Beam Cannon Ballistic Gun Light Assault Rifle Launcher Grenade Launcher Build | -11 -10 -9 ------- Run | Yrd Mat Mat Slots Evolved 2 | . . 2 Power . | . . . Propulsion 2 | . . 2 Utility . | . . . Weapon . | . . . Parts Attached 27 | 4 2 21 Power 5 | 1 . 4 Engine 4 | 1 . 3 Core 1 | . . 1 Reactor . | . . . Propulsion 6 | 2 . 4 Treads 2 | 2 . . Leg 4 | . . 4 Wheel . | . . . Hover . | . . . Flight . | . . . Utility 6 | . 1 5 Device 1 | . . 1 Storage 2 | . 1 1 Processor . | . . . Hackware . | . . . Protection 3 | . . 3 Artifact . | . . . Weapon 10 | 1 1 8 Energy Gun 2 | . 1 1 Energy Cannon 2 | . . 2 Ballistic Gun 5 | 1 . 4 Ballistic Cannon . | . . . Launcher 1 | . . 1 Special Weapon . | . . . Impact Weapon . | . . . Slashing Weapon . | . . . Piercing Weapon . | . . . Special Melee Weapon . | . . . Unidentified Prototypes 2 | . . 2 Parts Lost 11 | . . 11 Power 1 | . . 1 Propulsion 3 | . . 3 Utility 2 | . . 2 Weapon 5 | . . 5 Highest Loss Streak 5 | . . 5 To Critical Strikes . | . . . Average Slot Usage (%) 70 | . 69 70 Engine 6 | . 14 4 Core 2 | . . 2 Treads 6 | . 28 2 Leg 14 | . . 17 Device 4 | . . 5 Storage 9 | . 1 11 Protection 4 | . . 5 Energy Gun 5 | . 11 4 Energy Cannon 4 | . . 4 Ballistic Gun 10 | . 14 9 Launcher 2 | . . 2 Naked Turns . | . . . Heaviest Build 92 | 6 28 92 Greatest Support 40 | 40 40 40 Greatest Overweight (x) 13 | . . 13 Average Overweight (x) 1 | . . 1 Largest Inventory Capacity 25 | 5 15 25 Average Capacity 15 | 5 5 17 Most Carried 10 | 4 5 10 Average Carried 5 | 1 1 6 Final Capacity 25 | 5 15 25 Final Carried 9 | 1 4 9 Class Distribution -------------------- 67% | Mutant 32% | Scavenger-Mutant Dominant Class ---------------- Mutant | -10/Materials Mutant | -9/Materials Resources | -11 -10 -9 ----------- Run | Yrd Mat Mat Matter Collected 609 | 240 19 350 Remotely . | . . . Salvage Created 543 | . 110 433 Parts 43 | . 12 31 Haulers Intercepted . | . . . Recyclers Shooed . | . . . Parts Field Recycled . | . . . Retrieved Matter . | . . . Parts Self-Destructed . | . . . Prevented . | . . . Kills | -11 -10 -9 ------- Run | Yrd Mat Mat Combat Hostiles Destroyed 16 | . 5 11 Guns 4 | . 2 2 Cannons 4 | . . 4 AOE 7 | . 3 4 Classes Destroyed 6 | . 2 4 Recycler 1 | . . 1 Mechanic 1 | . . 1 Swarmer 6 | . 3 3 Grunt 6 | . 2 4 Brawler 1 | . . 1 Sentry 3 | . . 3 Best Kill Streak 5 | . 3 5 Combat Bots Only 3 | . 3 3 Max Kills in Single Turn 3 | . 3 3 Gunslinging . | . . . Exploded 3 | . 3 2 Melee . | . . . Uniques/NPCs Destroyed . | . . . Combat | -11 -10 -9 -------- Run | Yrd Mat Mat Hostile Shots Fired 191 | . 23 168 Missed 52 | . 7 45 Damage Taken 1923 | . 147 1776 Core 430 | . 27 403 Absorbed by Shields . | . . . Core Remaining (%) 94 | 100 89 . Volleys Fired 68 | . 9 59 Largest 2 | . 2 2 Hottest 88 | . 60 88 Shots Fired 101 | . 18 83 Gun 81 | . 18 63 Cannon 16 | . . 16 Launcher 4 | . . 4 Special . | . . . Kinetic 63 | . 9 54 Thermal 25 | . . 25 Explosive 4 | . . 4 Electromagnetic 9 | . 9 . Robot Hit Streak 8 | . 5 8 Robot Miss Streak 3 | . 2 3 Penetration Max . | . . . Secondary Targets . | . . . Shots Hit Robots 62 | . 12 50 Core Hits 33 | . 8 25 Critical Kills 1 | . . 1 Critical Parts Destroyed . | . . . Critical Strikes 1 | . . 1 Meltdown 1 | . . 1 Melee Attacks . | . . . Impact . | . . . Slashing . | . . . Piercing . | . . . Sneak Attacks . | . . . Combat Hostiles . | . . . Follow-up Attacks . | . . . Damage Inflicted 1141 | . 234 907 Guns 516 | . 117 399 Cannons 165 | . . 165 Explosions 460 | . 117 343 Melee . | . . . Ramming . | . . . Kinetic 379 | . 53 326 Thermal 355 | . 117 238 Explosive 343 | . . 343 Electromagnetic 64 | . 64 . Impact . | . . . Slashing . | . . . Piercing . | . . . Highest Corruption 13 | . . 13 Average Corruption 12 | . . 12 Corruption Purged . | . . . Corruption Blocked . | . . . Effects 38 | . . 38 Message Errors 8 | . . 8 Matter Fused 14 | . . 14 Heat Flow Errors 3 | . . 3 Energy Discharges 3 | . . 3 Parts Rejected 1 | . . 1 Data Loss (minor) 5 | . . 5 Data Loss (major) 1 | . . 1 Misfires 2 | . . 2 Misdirections 1 | . . 1 Overload Shots . | . . . Overflow Damage 5 | . . 5 Projectiles . | . . . Explosions 5 | . . 5 Melee . | . . . Knockbacks . | . . . Impact . | . . . Kinetic . | . . . Secondary . | . . . Self-Inflicted Damage 37 | . . 37 Shots 1 | . . 1 Rammed . | . . . Targets Rammed . | . . . Kicked . | . . . Crushed . | . . . Highest Temperature 247 | . 58 247 Average Temperature 53 | . 26 58 Received Heat Transfer 741 | . 54 687 Siege Activations . | . . . Robots Corrupted . | . . . Combat Hostiles . | . . . Parts Fried . | . . . Impact Corruptions . | . . . Robots Melted 1 | . . 1 Combat Hostiles 1 | . . 1 Parts Melted 1 | . . 1 Heat Transferred 571 | . 100 471 Parts Sabotaged . | . . . Parts Stolen . | . . . Parts Stripped . | . . . Power Chain Reactions 2 | . 2 . Alert | -11 -10 -9 ------- Run | Yrd Mat Mat Peak Influence 204 | . 145 204 Initial 61 | . . 61 Average 77 | . 84 80 Maximum Alert Level 1 | . . 1 Low Security (%) 90 | 100 100 88 Level 1 9 | . . 11 Level 2 . | . . . Level 3 . | . . . Level 4 . | . . . Level 5 . | . . . High Security . | . . . Max Security . | . . . Squads Dispatched 3 | . 1 2 Investigation 1 | . . 1 Extermination . | . . . Reinforcement 2 | . 1 1 Assault . | . . . Garrison . | . . . Intercept . | . . . Searches Triggered . | . . . Construction Impeded . | . . . Haulers Reinforced . | . . . Active Scanning Responses . | . . . Cargo Convoy Interrupts . | . . . Stealth | -11 -10 -9 --------- Run | Yrd Mat Mat Distress Signals 2 | . . 2 Communications Jammed . | . . . Distress Signals . | . . . Times Spotted 29 | . 5 24 Peak Tracking Total 6 | . 4 6 Tactical Retreats . | . . . Traps | -11 -10 -9 ------- Run | Yrd Mat Mat Traps Triggered 1 | . . 1 Indirectly . | . . . Trap Hack Attempts . | . . . Triggered . | . . . Disarmed . | . . . Reprogrammed . | . . . Reused . | . . . Traps Extracted . | . . . Installed . | . . . Triggered . | . . . Machines | -11 -10 -9 ---------- Run | Yrd Mat Mat Machines Disabled 3 | . . 3 Max in Single Turn 1 | . . 1 Machines Repaired . | . . . Machines Dismantled . | . . . Machines Sabotaged . | . . . Overloaded Fab Kills . | . . . Hacking | -11 -10 -9 --------- Run | Yrd Mat Mat Machines Accessed 1 | . . 1 Terminals 1 | . . 1 Fabricators . | . . . Repair Stations . | . . . Recycling Units . | . . . Scanalyzers . | . . . Garrison Access . | . . . Total Hacks 1 | . . 1 Successful . | . . . Failed 1 | . . 1 Catastrophic . | . . . Database Lockouts . | . . . Manual . | . . . Terminals 1 | . . 1 Fabricators . | . . . Repair Stations . | . . . Recycling Units . | . . . Scanalyzers . | . . . Garrison Access . | . . . Terminal Hacks . | . . . Fabricator Hacks . | . . . Repair Station Hacks . | . . . Recycling Unit Hacks . | . . . Scanalyzer . | . . . Garrison Access Hacks . | . . . Unauthorized Hacks . | . . . Terminals . | . . . Fabricators . | . . . Repair Stations . | . . . Recycling Units . | . . . Scanalyzers . | . . . Garrison Access . | . . . Data Cores Recovered . | . . . Used . | . . . Hacking Detections 1 | . . 1 Full Trace Events . | . . . Feedback Events . | . . . Feedback Blocked . | . . . Robot Schematics Acquired . | . . . Robots Built . | . . . Authchips . | . . . Time . | . . . Total Robot Build Rating . | . . . Part Schematics Acquired . | . . . Parts Built . | . . . Authchips . | . . . Time . | . . . Total Part Build Rating . | . . . Parts Repaired . | . . . Time . | . . . Parts Recycled . | . . . Recycled Matter . | . . . Retrieved Matter . | . . . Retrieved Components . | . . . Parts Scanalyzed . | . . . Part Schematics Acquired . | . . . Parts Damaged . | . . . Bothacking | -11 -10 -9 ------------ Run | Yrd Mat Mat Used RIF Installer . | . . . Robots Hacked . | . . . Non-combat . | . . . Combat . | . . . Robot Hacks Applied . | . . . Relay Couplers Released . | . . . Fabnet Peak Effective % . | . . . Robots Rewired . | . . . Allies Hacked . | . . . Hacks Repelled . | . . . Allies | -11 -10 -9 -------- Run | Yrd Mat Mat Total Allies . | . . . Largest Group . | . . . Highest-Rated Group . | . . . Highest-Rated Ally . | . . . Total Orders . | . . . Ally Attacks . | . . . Total Damage . | . . . Kills . | . . . Allies Corrupted . | . . . Allies Melted . | . . . Intel | -11 -10 -9 ------- Run | Yrd Mat Mat Robot Analysis Total . | . . . Derelict Logs Recovered . | . . . Drone Launches . | . . . Drone Recoveries . | . . . Exploration | -11 -10 -9 ------------- Run | Yrd Mat Mat Turns Passed 1741 | 83 269 1389 Spaces Moved 716 | 55 148 513 Core 24 | 14 . 10 Treads 236 | 41 148 47 Legs 456 | . . 456 Wheels . | . . . Hover . | . . . Flight . | . . . Fastest Speed 50 | 50 160 160 Average Speed 211 | 132 160 235 Slowest Speed 700 | 160 160 700 Overloaded Moves . | . . . Propulsion Burnouts . | . . . Robots Hopped . | . . . Cave-ins Triggered . | . . . Exploration Rate (%) 18 | 5 19 30 Regions Visited 2 Branch Regions . Pre-discovered Areas . | . . . Known Exits Taken . | . . . Unknown Exits Taken 2 | 1 1 . Scrap Searched . | . . . Spaces Dug . | . . . Terrain Destroyed 25 | . 8 17 Melee . | . . . Projectile . | . . . AOE 25 | . 8 17 Terrain Rammed . | . . . Walls Destroyed . | . . . Machines Disabled . | . . . Actions | -11 -10 -9 --------- Run | Yrd Mat Mat Total 853 | 67 165 621 Wait . | . . . Move 714 | 54 147 513 Hop . | . . . Pick Up 34 | 7 6 21 Fast Attach . | . . . Attach 17 | 4 2 11 Detach . | . . . Swap 10 | . . 10 Drop 10 | 2 1 7 Fire 68 | . 9 59 Melee . | . . . Ram . | . . . Kick . | . . . Crush . | . . . Escape Stasis . | . . . Rewire . | . . . Trap . | . . . Miscellaneous . | . . . Route ------- -11/Scrapyard -10/Materials -9/Materials History --------- Turn | Location | Event 2 | -11/Scrapyard | Met Revision 17 23 | -11/Scrapyard | Discovered new exit (range 15) 84 | -11/Scrapyard | Entered Materials 311 | -10/Materials | Build established: Mutant 311 | -10/Materials | Discovered new exit (range 15) 353 | -10/Materials | Entered another Materials area 353 | -9/Materials | Evolved 2 slots: Propulsion x2 940 | -9/Materials | System corruption reached 10% 958 | -9/Materials | Core integrity fell below 50% 970 | -9/Materials | Lost 5 parts (1p2n1u1w) 1221 | -9/Materials | Core integrity fell below 20% 1508 | -9/Materials | Build established: Scavenger-Mutant 1742 | -9/Materials | Destroyed by G-34 Mercenary with Small Laser Last Messages --------------- System corrupted: Matter fused (-7). Acquired VTOL Module. Dropped VTOL Module. 8W&/#%60X7PBMQPPH0:JWZ W D R-06 Scavenger collects VTOL Module. System corrupted: Component data lost. O-16 Technician: "IFF HANDSHAKE FAILED. SECURING TERMINAL." ALERT: Hostiles spotted, dispatching reinforcements to Terminal M006. System corrupted: Matter fused (-8). K-01 Serf cleans the Recycling Unit. System corrupted: Matter fused (-7). JDIZCTRIT=MMFYG4KA/%M8TB2HGIICVI/IGJWBK System corrupted: Component data lost. W-16 Scout sends out distress signal. System corrupted: Matter fused (-6). Hvy. Assault Rifle destroyed. Sml. Laser destroyed. Aluminum Leg destroyed. Map ----- +----------------------------------------------------+ | # #### ##?# ## """ ##???????????????????? | | ######### ##?# ##!! """ ##???????????????????? | | # # ##?# ##!! ##???????????????????? | | # " ""# #### ## """ ##???????????????????? | | # "" T"# #### ## """ ##???????????????????? | | # "" ""# ## """ ##???????????????????? | | # """ + ## =## # ?????????????? | | # "" # #######+##########?????????????? | | # "" ###+###+######## #### ##?????????????? | | #%"" # ###### ####"" ##?????????????? | | # "" # [[ ###### ####"T ##?????????????? | | # " # [ + #"" ##?????????????? | | # ! # # # ##?????????????? | | #### ############## # ##?????????????? | | ###### # + ##?????????????? | | ??#### ?????? # # ##?????????????? | | ????????????? # """ # ##?????????????? | | ????????????? # "Y ##+#+#######?????????????? | | ????????????? # """ # ###?????????????? | | ????????????? # # ##??????????????? | | ????????????? # # | =##??????????????? | | ????????????? # # == ##??????????????? | | ???????? # # == ##??????????????? | | ????????###+### # ##??????????????? | | ????????## !!! # "Y" ##??????????????? | | ????????## g !!! /@ """ ##??????????????? | | ????????## g w!!! # ##??????????????? | | ????????## ######### ### #######??????????????? | | ????????## ? # ## ###########??????????????? | | ????????????????????## ######???????????????????? | | ????????????????????## ##???????????????????????? | | ????????????????????## ##???????????????????????? | | ????????????????????## ##???????????????????????? | | ????????????????????## ##???????????????????????? | | ????????????????????## ##???????????????????????? | | ????????????????????## ##???????????????????????? | | ????????????????????##+##???????????????????????? | | ???????????????????? ???????????????????????? | | ????????????????????? ????????????????????????? | | ????????????????????" ""???????????????????????? | | ??????????????????##T ""???????????????????????? | | ??????????????????##" """??????????????????????? | | ??????????????????## #?????????????????????? | | ??????????????????#########?????????????????????? | | ??????????????????#########?????????????????????? | | ????????????????????????????????????????????????? | | ????????????????????????????????????????????????? | | ????????????????????????????????????????????????? | | ????????????????????????????????????????????????? | | ????????????????????????????????????????????????? | +----------------------------------------------------+ Best States ------------- Heat Dissipation 28 Energy Generation 14 Energy Capacity 280 Matter Stores 300 Matter Capacity 300 Sight Range 16 Terrain Scan Density 10 Armor Coverage 225 Evasion (%) 50 Recoil Reduction 2 Item Schematics ----------------- None Robot Schematics ------------------ None Fabricated ------------ Nothing Alien Tech Used ----------------- None Achievements -------------- It's Just You Risk Taker System Compromised Challenges ------------ None Game ------ Seed MetafieldMeleeProjector Manual? 0 Play Time 00:23:43 Cumulative 1.1 hours Start 2024.04.08 @ 14:28:04 End 2024.04.08 @ 15:04:08 Sessions 1 Manual Loads 0 Difficulty Rogue Special Mode None Game No. 4 Rogue 4 Adventurer 0 Explorer 0 Win Type - Total 0 Types 0/0/0/0/0/0/0/0/0 Lore% 0 Gallery% 3 Achievement% 2 Wizard Run 0 Options --------- Layout 1 ASCII 0 Keyboard 0 Movement Arrows Keybinds 0 Fullscreen 1 Font 24/Smallcaps Map View 50x35 Zoom Use 0% Tactical HUD 0 Map Filters NONE Filters NONE Steam 1 RUN: f519ea82-0865-42c6-b74b-016c71f099ba